AoeStats
← franba1990

Arabia

505192456Analyzed
1v1 RM · 26d ago on Sep 8, 2026· 52m 18s· 2 players
Game mode
Random Map
Map size
Tiny (2 player)
Population
200
Speed
Normal
Resources
Standard
Victory
Conquest
Starting age
Dark Age
Ending age
Imperial Age
RankedLock teamsTeams togetherTeam positionsShared explorationLock speedFull tech treeHidden civsTurbo modeCheats
Victory
Defeat
🇬🇧 Japanese · United Kingdom
1100
+20
🇪🇸 Goths · Spain
1187
-20
franba1990
1:01 Loom
10:58 Feudal Age
11:08 Man-at-Arms
11:49 Double-Bit Axe
11:46 Horse Collar
23:04 Scale Mail Armor
23:15 Forging
24:47 Scale Barding Armor
30:54 Castle Age
30:33 Gold Mining
30:36 Stone Mining
33:49 Wheelbarrow
35:06 Hand Cart
37:42 Long Swordsman
38:23 Squires
38:53 Bow Saw
38:45 Heavy Plow
39:26 Chain Mail Armor
51:51 Imperial Age
52:41 Husbandry
How Do You Turn This Off
8:03 Loom
10:41 Feudal Age
10:44 Man-at-Arms
11:52 Double-Bit Axe
14:00 Arson
22:15 Fletching
22:26 Scale Mail Armor
22:15 Horse Collar
23:29 Padded Archer Armor
27:13 Castle Age
27:35 Crossbowman
28:21 Bodkin Arrow
28:42 Leather Archer Armor
27:57 Long Swordsman
28:24 Gambesons
29:20 Chain Mail Armor
30:57 Thumb Ring
34:31 Ballistics
37:44 Forging
38:30 Bow Saw
38:33 Squires
42:07 Iron Casting
50:37 Imperial Age
51:14 Capped Ram
Connection lost

Rejoining the realm…

Still unreachable

The connection could not be restored.

Session expired

The server has moved on; the page needs a fresh start.